 Dungeon Crawl Stone Soup version 0.29.1-15-g9cfb28693d (webtiles) character file.

Game seed: 10957917662576887945

34 Ninjinzu the Trooper (level 3, -2/30 HPs)
             Began as a Demonspawn Abyssal Knight on Mar 4, 2023.
             Was a Believer of Lugonu.
             Killed by nerve-wracking pain
             ... invoked by Jessica
              (10 damage)
             ... on level 2 of the Dungeon.
             The game lasted 00:02:58 (1368 turns).

Ninjinzu the Trooper (Demonspawn Abyssal Knight)    Turns: 1368, Time: 00:03:01

Health: -2/30      AC:  3    Str: 15    XL:     3   Next: 14%
Magic:  4/4        EV: 11    Int: 11    God:    Lugonu [**....]
Gold:   28         SH:  0    Dex: 13    Spells: 2/2 levels left

rFire   . . .      SeeInvis .   a - +1 falchion
rCold   . . .      Faith    .   (no shield)
rNeg    . . .      Spirit   .   b - +0 leather armour
rPois   .          Reflect  .   (no helmet)
rElec   .          Harm     .   (no cloak)
rCorr   .          Rampage  .   (no gloves)
Will    .....                   (no boots)
Stlth   +.........              (no amulet)
HPRegen 0.10/turn               (no ring)
MPRegen 0.09/turn               (no ring)

@: no status effects
A: foul stench 1, demonic magic 1
a: Renounce Religion, Depart the Abyss, Bend Space


You were on level 2 of the Dungeon.
You worshipped Lugonu.
Lugonu was pleased with you.
You visited 1 branch of the dungeon, and saw 2 of its levels.
You visited the Abyss 1 time.

You collected 28 gold pieces.

Inventory:

Hand Weapons
 a - a +1 falchion (weapon)
Armour
 b - a +0 leather armour (worn)
Scrolls
 c - a scroll of fog {unknown}
Potions
 d - a potion of haste {unknown}
 e - a potion of lignification {unknown}


   Skills:
 + Level 3.6 Fighting
 + Level 2.2 Long Blades
 + Level 2.1 Armour
 + Level 1.0 Dodging
 + Level 0.1 Stealth
 + Level 2.5 Invocations


You had 2 spell levels left.
You didn't know any spells.
Your spell library contained the following spells:

 Spells                   Type           Power      Damage    Failure   Level
 Dazzling Flash           Conj/Hex       0%         N/A       78%         3
 Agony                    Necr           0%         N/A       100%        5
 Silence                  Hex/Air        0%         N/A       100%        5


Dungeon Overview and Level Annotations

Branches:
Dungeon (2/15)

Altars:
Vehumet

Annotations:
D:2 Jessica


Innate Abilities, Weirdness & Mutations

You may rarely emit foul miasma when damaged in melee.
Spells you cast may paralyse adjacent enemies.


Message History

You kill the quokka!
Lugonu accepts your kill.
Jessica the Apprentice Sorceress comes into view.
She is wielding a +3 club.
Jessica is nearby!
Jessica shouts!
You hear a shout!
An endoplasm comes into view.
Jessica mumbles some strange words.
Jessica seems to speed up.
A hobgoblin comes into view.
Jessica shouts, "I don't like beings like you!"
Jessica points at you and mumbles some strange words.
Pain shoots through your body!
Jessica gestures wildly while chanting.
Jessica blinks!
An adder comes into view.
The adder hisses angrily.
Unknown command.
Okay, then.
Unknown command.
A giant cockroach comes into view.
The adder bites you but does no damage.
You miss the adder. The adder misses you. The adder barely misses you.
You barely miss the adder. The adder closely misses you.
You hit the adder.
The adder is lightly wounded.
The adder barely misses you. x2; The endoplasm misses you.
The giant cockroach waves its antennae.
You closely miss the adder.
The adder is lightly wounded.
The adder closely misses you. The endoplasm closely misses you.
Jessica casts a spell.
Jessica blinks!
You hit Jessica but do no damage. The adder barely misses you.
Jessica hits you with a +3 club!
The endoplasm hits you but does no damage.
The adder bites you.
* * * LOW HITPOINT WARNING * * *
Jessica casts a spell at you. Pain shoots through your body!
You die...

#..## . #@..###.
#######.#
#.g.##..#####†......#
#J# ...##...#.#######
#.# ...##...<.# #.#
#.....).##
#.####......###
##.##gJ.##.....###..
#.....#@##...........
#(....#S@.B..........
#...............#####
#..................
#.....#.._...#..###
#.....#.....###.#
#...........# .#
###....###.## .#
#...# #..


You could see an adder, Jessica (fast), an endoplasm, a giant cockroach and a
hobgoblin.

Vanquished Creatures
  A dart slug (D:1)
  2 ball pythons (D:1)
  2 endoplasms (D:1)
  A giant cockroach (D:1)
  3 goblins (D:1)
  4 hobgoblins
  2 jackals (D:1)
  3 kobolds (D:1)
  4 quokkas
  A bat (D:1)
  2 frilled lizards (D:1)
  3 rats (D:1)
28 creatures vanquished.

Notes
Turn   | Place    | Note
-------+----------+-------------------------------------------
     0 | Abyss:1  | Ninjinzu the Demonspawn Abyssal Knight began the quest for
                  | the Orb.
     0 | Abyss:1  | Reached XP level 1. HP: 18/18 MP: 2/2
     4 | Abyss:1  | Found a corrupted altar of Lugonu.
    19 | Abyss:1  | Found a corrupted altar of Lugonu.
    64 | Abyss:1  | Noticed a small abomination
    64 | Abyss:1  | Noticed a smoke demon
    65 | D:1      | Escaped the Abyss
   301 | D:1      | Gained mutation: Spells you cast may paralyse adjacent
                  | enemies. [demonic ancestry]
   301 | D:1      | Reached XP level 2. HP: 22/24 MP: 3/3
   321 | D:1      | Reached ** piety under Lugonu
   794 | D:1      | Reached skill level 1 in Dodging
  1076 | D:1      | Gained mutation: You may rarely emit foul miasma when
                  | damaged in melee. [demonic ancestry]
  1076 | D:1      | Reached XP level 3. HP: 30/30 MP: 4/4
  1328 | D:2      | Found a radiant altar of Vehumet.
  1351 | D:2      | Noticed Jessica
  1368 | D:2      | Killed from afar by Jessica

Illustrated notes

Levels and vault maps discovered:
D:1:      matt_arrival_los_fun, layout_rooms
D:2:      layout_rooms, basic_altar, shapermc_ecumenical_altar_starsandcircs,
          uniq_jessica

Skill      XL: |  1  2 |
---------------+-------+-----
Long Blades    | 2 |  2.2
Armour         | 2 |  2.1
Dodging        | 1 |  1.0
Fighting       | |  3.6
Stealth        | |  0.1
Invocations    | |  2.5

Action                   || total
-------------------------++-------
Melee: Falchion          ||    79
Invok: Depart the Abyss  ||     1
Armor: Leather armour    ||    23
Dodge: Dodged            ||    73
